 Dungeon Crawl Stone Soup version 0.21.1-1-g345015fe64 (webtiles) character file.

80364 Napalmbreeze the Spear-Bearer (level 15, -5/99 HPs)
             Began as a Gargoyle Gladiator on July 18, 2018.
             Was the Champion of Makhleb.
             Killed from afar by a fire dragon (38 damage)
             ... with a blast of flame
             ... on level 15 of the Dungeon.
             The game lasted 01:05:35 (22181 turns).

Napalmbreeze the Spear-Bearer (Gargoyle Gladiator) Turns: 22181, Time: 01:05:35

Health: -5/99      AC: 37    Str: 22    XL:     15   Next: 66%
Magic:  0/22       EV: 18    Int: 13    God:    Makhleb [******]
Gold:   1832       SH:  0    Dex: 17    Spells: 14/14 levels left

rFire    x . .     SeeInvis +   z - +9 trident of Moderation {vamp, rF- Str+3 Dex+2}
rCold    . . .     Gourm    .   (no shield)
rNeg     + . .     Faith    .   L - +0 plate armour
rPois    ∞         Spirit   +   w - +2 helmet {SInv}
rElec    +         Reflect  .   (no cloak)
rCorr    .         Harm     .   j - +2 pair of gloves
MR       +....                  b - +1 pair of boots {Stlth+}
Stlth    ..........             Z - amulet of Toqon {Spirit Int+3}
HPRegen  0.26/turn              W - +5 ring of evasion
MPRegen  0.18/turn              i - +2 ring of slaying

@: flying
A: big wings, claws 1, mutation resistance 1, negative energy resistance 1,
shaggy fur 1, electricity resistance, unbreathing, petrification resistance, rot
immunity, AC +11
a: Stop Flying, Minor Destruction, Lesser Servant of Makhleb, Major Destruction,
Greater Servant of Makhleb, Renounce Religion


You were on level 15 of the Dungeon.
You worshipped Makhleb.
Makhleb was exalted by your worship.
You were near starving.

You visited 4 branches of the dungeon, and saw 22 of its levels.
You also visited: Sewer and Ice Cave.

You collected 2044 gold pieces.
You spent 212 gold pieces at shops.

Inventory:

Hand Weapons
 z - the +9 trident of Moderation (weapon) {vamp, rF- Str+3 Dex+2}
   (You bought it in a shop on level 5 of the Dungeon)

   It inflicts no extra harm, but heals its wielder when it wounds a living foe.
   It affects your strength (+3).
   It affects your dexterity (+2).
   It makes you vulnerable to fire.
 C - the +6 hand axe "Yczox" {venom, +Fly rN+ Int+3 Stlth+}
   (You found it on level 5 of the Dungeon)

   It poisons the flesh of those it strikes.
   It affects your intelligence (+3).
   It protects you from negative energy.
   It lets you fly.
   It makes you more stealthy.
Missiles
 d - 5 throwing nets (quivered)
Armour
 b - a +1 pair of boots of stealth (worn)
 e - a +1 pair of boots
 g - a +0 chain mail
 j - a +2 pair of gloves (worn)
 w - a +2 helmet of see invisible (worn)
 L - a +0 plate armour (worn)
Jewellery
 c - an uncursed ring of ice {unknown}
 i - a +2 ring of slaying (right hand)
 p - an uncursed amulet of the gourmand
 t - an uncursed ring of resist corrosion
 W - a +5 ring of evasion (left hand)
 Z - the amulet of Toqon (around neck) {Spirit Int+3}
   (You found it on level 6 of the Lair of Beasts)

   [amulet of guardian spirit]

   It causes incoming damage to be split between your health and magic.
   It affects your intelligence (+3).
Wands
 y - a wand of iceblast (11)
 J - a wand of acid (6)
 O - a wand of paralysis (12)
 R - a wand of scattershot (13)
Scrolls
 l - 8 scrolls of remove curse
 m - 2 scrolls of blinking
 n - 2 scrolls of fear
 o - 6 scrolls of enchant weapon
 q - 11 scrolls of teleportation
 s - 4 scrolls of immolation
 u - 9 scrolls of identify
 A - 5 scrolls of amnesia
 B - 6 scrolls of enchant armour
 F - a scroll of random uselessness {unknown}
 G - a scroll of holy word {unknown}
 K - a scroll of silence {unknown}
 N - a scroll of vulnerability {unknown}
Potions
 a - a potion of ambrosia
 h - a potion of resistance
 k - a potion of agility
 r - a potion of cancellation
 v - 4 potions of haste
 x - 3 potions of brilliance
 D - 5 potions of heal wounds
 E - 6 potions of curing
 M - 3 potions of mutation
 U - 3 potions of might
Books
 H - a book of Battle

   Spells                             Type                      Level
   a - Infusion                       Charms                       1
   b - Shroud of Golubria             Charms/Translocation         2
   c - Song of Slaying                Charms                       2
   d - Spectral Weapon                Hexes/Charms                 3
   e - Regeneration                   Charms/Necromancy            3
 I - a Grand Grimoire

   Spells                             Type                      Level
   a - Monstrous Menagerie            Summoning                    7
   b - Summon Greater Demon           Summoning                    7
   c - Malign Gateway                 Summoning/Translocation      7
   d - Summon Horrible Things         Summoning                    8
Comestibles
 f - 50 rations


   Skills:
 * Level 13.2 Fighting
   Level 1.1(3.7) Maces & Flails
 - Level 13.6(14.0) Polearms
   Level 5.7(11.3) Staves
 - Level 1.7 Throwing
 + Level 12.4 Armour
 + Level 10.4 Dodging
 + Level 10.3 Invocations


You had 14 spell levels left.
You didn't know any spells.

Dungeon Overview and Level Annotations

Branches:
Dungeon (15/15)            Temple (1/1) D:6            Lair (6/6) D:11
  Swamp (1/4) Lair:2       Spider (0/4) Lair:2        Slime (0/5) Lair:5
 Vaults (0/5) D:14         Depths (0/5) D:15
    Orc: D:9-12

Altars:
Ashenzari
Cheibriados
Dithmenos
Elyvilon
Fedhas
Gozag
Hepliaklqana
Kikubaaqudgha
Makhleb
Nemelex Xobeh
Okawaru
Qazlal
Ru
Sif Muna
Trog
Uskayaw
Vehumet
Wu Jian
Xom
Yredelemnul
Zin
The Shining One
Jiyva

Shops:
D:4 (   D:5 !(}}   D:12 !

Annotations:
D:5 Loge's ghost, novice TrMo
Lair:4 exclusion: oklob plant


Innate Abilities, Weirdness & Mutations

You are resistant to torment.
Your stone body is resilient. (AC +11)
You are immune to poison.
Your large and strong wings let you fly indefinitely.
You resist negative energy. (rN+)
You are resistant to electric shocks. (rElec)
You can survive without breathing.
You are immune to petrification.
You are immune to rotting.
You have sharp fingernails.
You are somewhat resistant to further mutation.
You are covered in fur. (AC +1)


Message History

An ice dragon comes into view.
Your green death gestures at the fire dragon.
The poison arrow hits the fire dragon.
The fire dragon partially resists.
The fire dragon is poisoned.
The fire dragon bites your green death. The fire dragon claws your green death.
The fire dragon tramples your green death.
Your green death stumbles backwards!
Your green death hits the fire dragon.
The fire dragon breathes flames at you.
The blast of flame hits your green death.
The blast of flame hits you! The fire burns you terribly!
Your green death gestures at the fire dragon.
The poison arrow hits the fire dragon.
The fire dragon partially resists.
The fire dragon looks as sick as possible!
The fire dragon bites your green death. The fire dragon claws your green death.
Your green death dies!
A demon appears!
The fire dragon breathes flames at you. The blast of flame hits you!
The fire burns you terribly!
You die...

.................................
..........D......................
.................................
########...###########..#########
#..D# #..# #∩.2# #..#
########...# #..#########
...........###########...........
...........D....@................
#######.........2.<.......#######
#.<##############...# # #..#
#...# ## #..# #...# #. #######..#
#...# #.
.........##############...######.
.................................
...........############..########


You could see a fire dragon and a friendly blizzard demon.

Vanquished Creatures
  Rupert (Lair:5)
  The ghost of Gargoyl the Corrupter of Planes, a journeyman CeAK of Lugonu (D:14)
  Snorg (D:14)
  A fire dragon (Lair:6)
  The ghost of Schimscham the Archer, a journeyman CeHu of Okawaru (D:11)
  Fannar (D:11)
  2 hydras
  A vault guard (D:14)
  Erica (D:9)
  5 centaur warriors
  A queen ant (Lair:2)
  5 two-headed ogres
  Urug (D:11)
  The ghost of Napalmbreeze the Cruncher, a novice GrGl of Okawaru (D:8)
  A fire crab (Lair:6)
  5 skeletal warriors (D:15)
  Nergalle (D:11)
  An unseen horror (shapeshifter) (D:14)
  A lindwurm (Lair:6)
  4 cyclopes
  An orc knight (D:14)
  A deep elf mage (D:15)
  11 ugly things
  2 wolf spiders
  An oklob plant (Lair:5)
  A manticore (Lair:6)
  Maurice (D:11)
  8 black mambas
  A gargoyle (D:11)
  6 torpor snails
  12 spiny frogs
  5 centaur skeletons
  3 komodo dragons
  An efreet (D:14)
  A rime drake (Lair:4)
  2 kobold demonologists
  2 tengu conjurers (D:14)
  A demonic crawler (Lair:2)
  A troll (D:9)
  10 polar bears
  A harpy zombie (D:15)
  8 hornets (Lair:6)
  Grinder (Sewer)
  4 tyrant leeches (Lair:6)
  6 slime creatures
  2 raiju (Lair:6)
  A meliai zombie (D:14)
  16 blink frogs
  3 hippogriffs
  2 shadows (D:14)
  6 wyverns
  38 yaks
  3 basilisks
  Grum (D:8)
  2 wraiths
  2 steam dragons
  6 wargs (Lair:6)
  3 vampire mosquitoes (D:15)
  5 hungry ghosts
  Edmund (D:4)
  7 soldier ants
  2 acid dragons (D:14)
  7 porcupines
  13 hell hounds (Lair:6)
  3 orc warriors
  15 water moccasins
  A swamp drake (D:11)
  A hornet zombie (D:9)
  11 black bears (Lair:6)
  21 ice beasts
  2 sky beasts (D:8)
  6 ogres
  3 phantoms
  22 wolves
  An eye of draining (D:14)
  2 necrophages
  9 centaurs
  11 crocodiles
  5 big kobolds
  19 bullfrogs
  3 scorpions
  A water moccasin skeleton (D:6)
  3 killer bees (D:9)
  16 wights
  An electric eel (Lair:2)
  A bullfrog zombie (D:11)
  3 lava snakes (Lair:5)
  3 crimson imps
  5 centaur zombies
  6 hounds
  A bullfrog skeleton (D:4)
  2 jellies
  2 quasits
  4 orc priests
  11 orc wizards
  2 iguanas
  38 worker ants
  A big kobold zombie (Sewer)
  3 gnolls (D:4)
  A worker ant zombie (D:6)
  A howler monkey skeleton (D:10)
  A river rat (D:6)
  14 adders
  7 shadow imps
  3 ufetubi (Sewer)
  2 adder zombies
  An adder skeleton (D:8)
  6 worms
  4 dart slugs
  10 leopard geckos
  53 orcs
  3 ball pythons (D:6)
  A bat (D:1)
  4 giant cockroaches
  6 goblins
  2 hobgoblins (D:1)
  2 jackals (D:7)
  A quokka (D:3)
  11 frilled lizards
  30 kobolds
  A quokka skeleton (D:10)
  4 rats
  A fungus (D:5)
  A plant (Lair:6)
655 creatures vanquished.

Vanquished Creatures (collateral kills)
  A plant (Lair:6)
1 creature vanquished.

Vanquished Creatures (others)
  An orc priest (D:11)
  A bat zombie (Sewer)
  13 fungi
  18 plants
33 creatures vanquished.

Grand Total: 689 creatures vanquished

Notes
Turn   | Place    | Note
-------+----------+-------------------------------------------
     0 | D:1      | Napalmbreeze the Gargoyle Gladiator began the quest for the Orb.
     0 | D:1      | Reached XP level 1. HP: 12/12 MP: 1/1
   194 | D:1      | Reached XP level 2. HP: 15/18 MP: 2/2
   827 | D:2      | Reached XP level 3. HP: 21/22 MP: 3/3
  1608 | D:3      | Noticed a phantom
  1762 | D:3      | Killed a phantom
  1762 | D:3      | Reached XP level 4. HP: 12/28 MP: 4/4
  1762 | D:3      | Reached XP level 5. HP: 14/32 MP: 5/5
  2200 | D:2      | Reached XP level 6. HP: 13/38 MP: 6/6
  2627 | D:3      | Reached skill level 5 in Staves
  2627 | D:3      | Reached skill level 1 in Armour
  3146 | D:4      | Found a blossoming altar of Fedhas.
  3321 | D:4      | Noticed Edmund
  3387 | D:4      | Killed Edmund
  3387 | D:4      | Reached XP level 7. HP: 29/44 MP: 7/7
  3735 | D:4      | Found Ushaefub's Antique Weapon Emporium.
  3811 | D:5      | Entered Level 5 of the Dungeon
  3820 | D:5      | Reached skill level 1 in Maces & Flails
  3908 | D:5      | Noticed Loge's ghost (novice TrMo)
  3966 | D:5      | Found Qakoen's Antique Weapon Shoppe.
  3982 | D:5      | Found Nuohun's Distillery.
  4020 | D:5      | Bought a faintly glowing trident for 212 gold pieces
  4020 | D:5      | Identified the +9 trident of Moderation {vamp, rF- Str+3 Dex+2} (You bought it in a shop on level 5 of the Dungeon)
  4169 | D:5      | Found Usicw's Gadget Boutique.
  4207 | D:5      | Found Ewohef's Gadget Shoppe.
  4437 | D:5      | Reached skill level 1 in Polearms
  4442 | D:5      | Got a bloodstained hand axe
  4445 | D:5      | Identified the +6 hand axe "Yczox" {venom, +Fly rN+ Int+3 Stlth+} (You found it on level 5 of the Dungeon)
  4540 | D:5      | Found a white marble altar of Elyvilon.
  4704 | D:5      | Noticed a steam dragon
  4752 | D:5      | Killed a steam dragon
  4752 | D:5      | Reached skill level 5 in Fighting
  4752 | D:5      | Reached XP level 8. HP: 23/49 MP: 8/8
  5420 | D:6      | Found a staircase to the Ecumenical Temple.
  5573 | D:6      | Found a glowing drain.
  5589 | Sewer    | Entered a sewer
  5720 | Sewer    | Found a burning altar of Makhleb.
  5734 | Sewer    | Noticed Grinder
  5740 | Sewer    | Paralysed by Grinder for 5 turns
  5752 | Sewer    | Killed Grinder
  5778 | Sewer    | Reached XP level 9. HP: 42/55 MP: 9/9
  6197 | Temple   | Entered the Ecumenical Temple
  6291 | Temple   | Became a worshipper of Makhleb the Destroyer
  6338 | D:6      | Reached skill level 5 in Dodging
  6489 | D:6      | Found a glowing golden altar of the Shining One.
  6645 | D:6      | Found a shattered altar of Ashenzari.
  6777 | D:7      | Reached skill level 5 in Polearms
  6797 | D:7      | Found a radiant altar of Vehumet.
  6811 | D:7      | Found a snail-covered altar of Cheibriados.
  6814 | D:7      | Found an opulent altar of Gozag.
  6817 | D:7      | Found an iron altar of Okawaru.
  6842 | D:7      | Reached skill level 5 in Armour
  7557 | D:8      | Noticed Napalmbreeze's ghost (novice GrGl)
  7646 | D:8      | Noticed a two-headed ogre
  7656 | D:8      | Killed a two-headed ogre
  7673 | D:8      | Reached XP level 10. HP: 37/63 MP: 10/10
  7718 | D:8      | Reached * piety under Makhleb
  7874 | D:8      | Killed Napalmbreeze's ghost
  8013 | D:8      | Noticed Grum
  8024 | D:8      | Killed Grum
  8534 | D:9      | Noticed a kobold demonologist
  8545 | D:9      | Killed a kobold demonologist
  8545 | D:9      | Reached ** piety under Makhleb
  8801 | D:9      | Noticed Erica
  8816 | D:9      | Killed Erica
  8816 | D:9      | Reached skill level 1 in Invocations
  8908 | D:9      | Reached XP level 11. HP: 69/69 MP: 12/12
  9197 | D:10     | Entered Level 10 of the Dungeon
  9630 | D:10     | Found a burning altar of Makhleb.
  9654 | D:10     | Noticed a two-headed ogre
  9662 | D:10     | Killed a two-headed ogre
  9816 | D:10     | Reached *** piety under Makhleb
 10310 | D:11     | Noticed Nergalle
 10321 | D:11     | Noticed a spectral orc warlord
 10337 | D:11     | Killed Nergalle
 10377 | D:11     | Noticed Maurice
 10380 | D:11     | Noticed a cyclops
 10385 | D:11     | Killed Maurice
 10405 | D:11     | Killed a cyclops
 10450 | D:11     | Noticed Urug
 10480 | D:11     | Killed Urug
 10514 | D:11     | Noticed Schimscham's ghost (journeyman CeHu)
 10533 | D:11     | Killed Schimscham's ghost
 10533 | D:11     | Reached XP level 12. HP: 76/76 MP: 15/15
 10942 | D:11     | Noticed a two-headed ogre
 10953 | D:11     | Killed a two-headed ogre
 11024 | D:11     | Reached **** piety under Makhleb
 11104 | D:11     | Noticed Fannar
 11173 | D:11     | Killed Fannar
 11173 | D:11     | Reached skill level 10 in Polearms
 11230 | D:11     | Found a staircase to the Lair.
 11382 | D:11     | Reached skill level 5 in Invocations
 11445 | Lair:1   | Entered Level 1 of the Lair of Beasts
 12404 | Lair:2   | Noticed a six-headed hydra
 12426 | Lair:1   | Reached skill level 10 in Fighting
 12446 | Lair:1   | Killed a six-headed hydra
 12799 | Lair:2   | Found a staircase to the Swamp.
 12937 | Lair:2   | Found a hole to the Spider Nest.
 12960 | Lair:2   | Reached ***** piety under Makhleb
 13161 | Lair:2   | Noticed a queen ant
 13207 | Lair:2   | Killed a queen ant
 13207 | Lair:2   | Reached XP level 13. HP: 83/83 MP: 17/17
 13482 | Swamp:1  | Entered Level 1 of the Swamp
 13642 | Lair:3   | Reached skill level 10 in Armour
 13779 | Lair:3   | Found a frozen archway.
 13822 | IceCv    | Entered an ice cave
 13879 | IceCv    | Found a transporter.
 13893 | IceCv    | Noticed a green death
 15522 | Lair:4   | Reached ****** piety under Makhleb
 17086 | Lair:5   | Found a viscous altar of Jiyva.
 17086 | Lair:5   | Found a staircase to the Slime Pits.
 17214 | Lair:6   | Entered Level 6 of the Lair of Beasts
 17214 | Lair:6   | Noticed Rupert
 17247 | Lair:5   | Killed Rupert
 17247 | Lair:5   | Gained mutation: Your large and strong wings let you fly indefinitely. [Gargoyle growth]
 17247 | Lair:5   | Reached XP level 14. HP: 90/90 MP: 18/20
 17894 | Lair:6   | Got a translucent golden amulet
 17896 | Lair:6   | Identified the amulet of Toqon {Spirit Int+3} (You found it on level 6 of the Lair of Beasts)
 18423 | Lair:6   | Gained mutation: You have sharp fingernails. [potion of mutation]
 18423 | Lair:6   | Gained mutation: You are covered in fur. (AC +1) [potion of mutation]
 18423 | Lair:6   | Gained mutation: You are somewhat resistant to further mutation. [potion of mutation]
 18474 | Lair:6   | Found a runed door.
 19224 | Lair:6   | Got a crude ring mail
 19235 | Lair:6   | Identified the +1 ring mail "Hehuth" {Int+4} (You found it on level 6 of the Lair of Beasts)
 19670 | Lair:6   | Identified 2 scrolls of acquirement
 19885 | D:12     | Found Qiyneam's Distillery.
 19965 | D:12     | You are sucked into a shaft for 2 floors!
 20202 | D:14     | Reached XP level 15. HP: 96/96 MP: 12/22
 20236 | D:14     | Found a gate to the Vaults.
 20321 | D:14     | Noticed Snorg
 20343 | D:14     | Killed Snorg
 20343 | D:14     | Reached skill level 10 in Dodging
 20373 | D:14     | Noticed Gargoyl's ghost (journeyman CeAK)
 20420 | D:14     | Killed Gargoyl's ghost
 21208 | D:14     | Reached skill level 10 in Invocations
 21278 | D:15     | Entered Level 15 of the Dungeon
 22114 | D:15     | Found a staircase to the Depths.
 22181 | D:15     | Killed from afar by a fire dragon

Skill      XL: |  1  2  3  4  5  6  7  8  9 10 11 12 13 14 15 |
---------------+----------------------------------------------+-----
Fighting       | 3 4 5 6 7 8 9 10 11 12 13 | 13.2
Staves         | 4 5 |  5.7
Dodging        | 3 4 5 6 7 8 9 10 | 10.4
Armour         | 2 3 4 6 7 8 9 10 11 12 | 12.4
Maces & Flails | 1 |  1.1
Polearms       | 2 4 6 8 9 11 12 13 | 13.6
Invocations    | 1 4 6 8 9 10 | 10.3
Throwing       | |  1.7

Action                   |  1- 3 |  4- 6 |  7- 9 | 10-12 | 13-15 || total
-------------------------+-------+-------+-------+-------+-------++-------
Melee: Quarterstaff      |    84 |   216 |     9 |       |       ||   309
       Trident           |       |       |   263 |   821 |  1630 ||  2714
       Flail             |       |       |    28 |       |       ||    28
Invok: Greater Servant o |       |       |       |       |     4 ||     4
 Abil: Fly               |       |       |       |       |     1 ||     1
  Use: Potion            |       |     2 |     3 |       |    13 ||    18
       Scroll            |       |     2 |     4 |     6 |     9 ||    21
 Stab: Sleeping          |     1 |       |       |       |       ||     1
  Eat: Chunk             |     1 |    14 |    26 |    25 |    19 ||    85
       Ration            |     1 |       |       |       |     4 ||     5
Armor: Leather armour    |    30 |     9 |       |       |       ||    39
       Ring mail         |       |    25 |       |       |     2 ||    27
       Scale mail        |       |    51 |       |       |       ||    51
       Chain mail        |       |       |   166 |   422 |   597 ||  1185
       Plate armour      |       |       |       |       |   188 ||   188
Dodge: Dodged            |    45 |   111 |   144 |   392 |  1071 ||  1763
